 Dungeon Crawl Stone Soup version 0.16.2-12-gd0ad4c3 (webtiles) character file.

1270 Gravoth the Blocker (level 8, -5/52 HPs)
             Began as an Octopode Fighter on Oct 25, 2015.
             Was an Initiate of Okawaru.
             Slain by an orc warrior
             ... wielding a +0 scimitar
              (24 damage)
             ... on level 6 of the Dungeon.
             The game lasted 00:28:17 (6583 turns).

Gravoth the Blocker (Octopode Fighter)              Turns: 6583, Time: 00:28:17

Health: -5/52      AC:  1    Str: 17    XL:     8   Next: 53%
Magic:  8/8        EV: 12    Int: 11    God:    Okawaru [......]
Gold:   128        SH: 13    Dex: 11    Spells: 0 memorised, 7 levels left

rFire  . . .     SeeInvis .     a - +1 war axe
rCold  . . .     Clarity  .     c - +2 shield
rNeg   . . .     SustAb   .     (helmet restricted)
rPois  .         Gourm    .     (no amulet)
rElec  .         Spirit   .     (no ring)
rCorr  .         Warding  .     (no ring)
rMut   .         Stasis   .     (no ring)
MR     .....                    (no ring)
Stlth  ++........               (no ring)
                                (no ring)
                                (no ring)
                                (no ring)

@: not resistant to hostile enchantments, unstealthy
A: almost no armour, amphibious, 8 rings, constrict 8, camouflage 1, gelatinous
body 1
a: Renounce Religion


You were on level 6 of the Dungeon.
You worshipped Okawaru.
Okawaru was noncommittal.
You were not hungry.

You visited 2 branches of the dungeon, and saw 7 of its levels.
You also visited: Sewer.

You collected 128 gold pieces.

Inventory:

Hand weapons
 a - a +1 war axe (weapon)
Armour
 c - a +2 shield (worn)
Magical devices
 b - a wand of digging (20)
 s - a wand of random effects (12)
 v - a wand of paralysis (10)
Scrolls
 d - 3 scrolls of teleportation
 f - a scroll of remove curse
 i - 4 scrolls of identify {unknown}
 k - 3 scrolls of amnesia {unknown}
 p - a scroll of fear {unknown}
 r - a scroll of magic mapping {unknown}
 w - a scroll of fog {unknown}
Potions
 e - 4 potions of might
 g - 2 potions of brilliance
 h - 4 potions of curing
 j - a potion of flight {unknown}
 l - 3 potions of heal wounds {unknown}
 m - 2 potions of agility {unknown}
 n - a potion of cure mutation {unknown}
Comestibles
 o - 2 bread rations
 q - 6 fruits
 t - a slice of pizza
 u - 2 chunks of flesh


   Skills:
 - Level 3.0 Fighting
 - Level 2.0 Axes
 - Level 3.0 Dodging
 + Level 10.4 Shields


You had 7 spell levels left.
You didn't know any spells.

Dungeon Overview and Level Annotations

Branches:
Dungeon (6/15)             Temple (1/1) D:4

Altars:
Ashenzari
Cheibriados
Dithmenos
Fedhas
Kikubaaqudgha
Makhleb
Nemelex Xobeh
Okawaru
Qazlal
Trog
Vehumet
Yredelemnul
Zin

Shops:
D:4 [

Annotations:
D:3 Sigmund


Innate Abilities, Weirdness & Mutations

You cannot wear most types of armour.
You are amphibious.
You can wear up to eight rings at the same time.
You can use your tentacles to constrict many enemies at once.
Your skin changes colour to match your surroundings (Stealth).
Your rubbery body absorbs attacks (AC +1).


Message History

An orc wizard comes into view. It is wielding a dagger.
You hit the orc warrior but do no damage.
Your squeeze misses the orc warrior.
The orc warrior is heavily wounded.
You hit the centaur skeleton.
You constrict the orc warrior, but do no damage.
The centaur skeleton closely misses you.
You block the centaur skeleton's attack.
The orc warrior hits you with a scimitar!
The orc wizard casts a spell.
The orc wizard seems to speed up.
You hit the orc warrior but do no damage.
You squeeze the orc warrior, but do no damage.
The orc warrior is heavily wounded.
You slash the centaur skeleton! You constrict the orc warrior.
You block the centaur skeleton's attack.
The orc wizard mumbles some strange words.
The orc wizard blinks!
The centaur skeleton hits you!
The orc warrior hits you with a scimitar!!
You die...

### ....
####.....
#.Z......#
#@#
#.ยง..o.#
#.##.###
#. . .# ..


You could see an orc warrior and a centaur skeleton.

Vanquished Creatures
  A centaur (D:5)
  2 ogres (D:4)
  The ghost of Gravoth the Changer, an average OpTm (D:3)
  3 big kobolds (Sewer)
  A jelly (D:5)
  2 orc priests (D:3)
  3 worker ants
  2 hounds
  Natasha (D:3)
  An orc wizard (D:3)
  Ijyb (D:4)
  A hound zombie (D:5)
  Terence (D:3)
  7 gnolls
  3 river rats (Sewer)
  12 adders
  4 giant mites
  3 worms
  An adder zombie (D:5)
  9 giant geckos
  An ooze (D:1)
  10 orcs
  5 giant cockroaches
  8 hobgoblins
  9 jackals
  22 kobolds
  A quokka (D:2)
  7 ball pythons (Sewer)
  15 bats
  3 giant newts
  9 goblins
  34 rats
183 creatures vanquished.

Notes
Turn   | Place    | Note
--------------------------------------------------------------
     0 | D:1      | Gravoth, the Octopode Fighter, began the quest for the Orb.
     0 | D:1      | Reached XP level 1. HP: 16/16 MP: 1/1
   224 | D:1      | Reached XP level 2. HP: 18/21 MP: 2/2
   563 | D:1      | Reached skill level 4 in Shields
   812 | D:2      | Reached XP level 3. HP: 26/26 MP: 3/3
  1204 | D:2      | Reached XP level 4. HP: 14/31 MP: 4/4
  1635 | D:2      | Reached skill level 5 in Shields
  2086 | D:2      | Reached XP level 5. HP: 36/36 MP: 5/5
  2434 | D:3      | Reached skill level 6 in Shields
  2548 | D:3      | Noticed Terence
  2556 | D:3      | Killed Terence
  2556 | D:3      | Reached XP level 6. HP: 30/42 MP: 6/6
  2563 | D:3      | Noticed Natasha
  2567 | D:3      | Killed Natasha
  2934 | D:3      | Noticed Gravoth's ghost (average OpTm)
  2943 | D:3      | Killed Gravoth's ghost
  2943 | D:3      | Reached skill level 7 in Shields
  2963 | D:3      | Noticed Sigmund
  3377 | D:4      | Reached XP level 7. HP: 29/46 MP: 7/7
  3383 | D:4      | Noticed Ijyb
  3397 | D:4      | Killed Ijyb
  3434 | D:4      | Found a glowing drain.
  3583 | Sewer    | Entered a sewer
  3660 | Sewer    | Reached skill level 8 in Shields
  4054 | Sewer    | Reached skill level 9 in Shields
  4287 | D:4      | Reached XP level 8. HP: 38/52 MP: 8/8
  4378 | D:4      | Found a staircase to the Ecumenical Temple.
  4387 | Temple   | Entered the Ecumenical Temple
  4449 | Temple   | Became a worshipper of Warmaster Okawaru
  4727 | D:4      | Found a blossoming altar of Fedhas.
  4916 | D:4      | Found Klitwir's Armour Shoppe.
  5250 | D:4      | Reached skill level 10 in Shields
  5261 | D:5      | Entered Level 5 of the Dungeon
  6583 | D:6      | Slain by an orc warrior

Action                   |  1- 3 |  4- 6 |  7- 9 || total
-------------------------+-------+-------+-------++-------
Melee: War axe           |    61 |   108 |   185 ||   354
  Use: Scroll            |       |     4 |     1 ||     5
       Potion            |       |     1 |     4 ||     5
 Stab: Sleeping          |       |     6 |     7 ||    13
  Eat: Chunk             |     1 |     3 |     6 ||    10
       Bread ration      |       |     1 |     1 ||     2
